[Event "KP 2017-18, Lazne Belohrad-Dvur Kralove"]
[Site "Doma"]
[Date "2017.11.26"]
[Round "3.2"]
[White "Machan, Jan"]
[Black "Korinek, Pavel"]
[Result "1-0"]
[ECO "D78"]
[WhiteElo "2294"]
[BlackElo "1969"]
[PlyCount "55"]
[EventDate "2017.??.??"]
[TimeControl "240+2"]

1. d4 d5 2. Nf3 Nf6 3. c4 c6 4. Nbd2 Nbd7 5. g3 g6 6. Bg2 Bg7 7. O-O O-O 8. Qc2
dxc4 9. Nxc4 Nb6 10. Ncd2 Bg4 11. h3 Bxf3 12. Nxf3 Re8 13. Rd1 e6 14. e4 Rc8
15. Bg5 h6 16. Be3 Qe7 17. Rac1 Nbd7 18. Nd2 Red8 19. Nc4 Ne8 20. Qb3 b6 21. f4
Kh7 22. e5 Nb8 23. g4 Bf8 24. Be4 Qd7 25. Qc2 Ng7 26. Qe2 Na6 27. Nxb6 axb6 28.
Qxa6 1-0